 Dungeon Crawl Stone Soup version 0.21.1-1-g345015fe64 (webtiles) character file.

23440 Htamos the Warrior (level 12, -6/122 HPs)
             Began as a Minotaur Gladiator on July 4, 2018.
             Was a High Priest of Makhleb.
             Mangled by an entropy weaver (12 damage)
             ... on level 13 of the Dungeon.
             The game lasted 00:44:14 (15136 turns).

Htamos the Warrior (Minotaur Gladiator)            Turns: 15136, Time: 00:44:14

Health: -6/122     AC: -4    Str: 23    XL:     12   Next: 71%
Magic:  11/11      EV: 15    Int:  5    God:    Makhleb [*****.]
Gold:   976        SH:  0    Dex: 13    Spells: 11/11 levels left

rFire    . . .     SeeInvis .   (weapon currently unavailable)
rCold    . . .     Gourm    .   (shield currently unavailable)
rNeg     . . .     Faith    .   (armour currently unavailable)
rPois    .         Spirit   .   (helmet currently unavailable)
rElec    .         Reflect  .   (cloak currently unavailable)
rCorr    .         Harm     .   (gloves currently unavailable)
MR       .....                  (boots currently unavailable)
Stlth    +.........             (no amulet)
HPRegen  0.30/turn              (ring currently unavailable)
MPRegen  0.12/turn              (ring currently unavailable)

@: about to teleport, pig-form, corroded, slowed
A: small, (retaliatory headbutt)
a: Minor Destruction, Lesser Servant of Makhleb, Major Destruction, Greater
Servant of Makhleb, Renounce Religion


You were on level 13 of the Dungeon.
You worshipped Makhleb.
Makhleb was extremely pleased with you.
You were hungry.
You were a filthy swine.
You visited 2 branches of the dungeon, and saw 14 of its levels.

You collected 976 gold pieces.

Inventory:

Hand Weapons
 a - a +0 war axe
 v - a +0 war axe
 I - a +5 dire flail of holy wrath (melded)
 J - a +0 battleaxe
 T - a +1 dire flail of draining
Missiles
 d - 3 throwing nets (quivered)
Armour
 c - a +0 hat (melded)
 k - a +0 ring mail
 l - a +0 plate armour (melded)
 A - a +0 pair of gloves (melded)
 K - a +2 pair of boots of stealth (melded)
 M - the +3 hat of Pondering {ponderous, MR+ MP+10 Int+5}
   (You took it off Gastronok on level 10 of the Dungeon)

   It affects your intelligence (+5).
   It affects your resistance to hostile enchantments.
   It affects your magic capacity (+10).
Jewellery
 m - an uncursed ring of protection from cold
 w - an uncursed ring of ice
 y - an uncursed ring of flight
 D - a ring of stealth (melded)
 G - a ring of see invisible (melded)
 O - an uncursed ring of ice
 V - an uncursed ring of protection from cold
 W - an uncursed ring of protection from cold
Wands
 j - a wand of polymorph (25)
 p - a wand of acid (4)
 R - a wand of flame (37)
 S - a wand of disintegration (15)
Scrolls
 h - a scroll of blinking
 n - 3 scrolls of teleportation
 o - 3 scrolls of fog
 r - 2 scrolls of random uselessness
 t - 4 scrolls of remove curse
 x - a scroll of immolation
 C - 4 scrolls of fear
 E - 4 scrolls of amnesia
 F - 3 scrolls of identify
 L - a scroll of enchant armour {unknown}
 P - a scroll of enchant weapon
 U - a scroll of magic mapping
Potions
 b - a potion of haste
 e - 2 potions of brilliance {unknown}
 g - 3 potions of flight {unknown}
 i - a potion of ambrosia {unknown}
 q - a potion of magic {unknown}
 s - 2 potions of mutation {unknown}
 u - 2 potions of cancellation {unknown}
 z - a potion of invisibility
 H - 2 potions of degeneration {unknown}
 N - a potion of agility {unknown}
Books
 B - a book of the Tempests

   Spells                             Type                      Level
   a - Static Discharge               Conjuration/Air              3
   b - Lightning Bolt                 Conjuration/Air              5
   c - Ignition                       Fire                         8
   d - Tornado                        Air                          9
   e - Shatter                        Earth                        9
 Q - a book of Clouds

   Spells                             Type                      Level
   a - Poisonous Vapours              Poison/Air                   2
   b - Mephitic Cloud                 Conjuration/Poison/Air       3
   c - Conjure Flame                  Conjuration/Fire             3
   d - Freezing Cloud                 Conjuration/Ice/Air          6
   e - Ring of Flames                 Charms/Fire                  7
Comestibles
 f - 30 rations
 X - 10 chunks of flesh


   Skills:
 + Level 16.0 Fighting
 - Level 3.6(9.2) Axes
 + Level 12.8(13.0) Maces & Flails
 - Level 2.0 Throwing
 * Level 13.9 Armour
 - Level 3.2 Dodging
 - Level 0.3 Evocations


You had 11 spell levels left.
You didn't know any spells.

Dungeon Overview and Level Annotations

Branches:
Dungeon (13/15)            Temple (1/1) D:4            Lair (0/6) D:10
    Orc (0/2) D:12         Vaults (0/5) D:13

Altars:
Ashenzari
Cheibriados
Dithmenos
Elyvilon
Fedhas
Gozag
Hepliaklqana
Kikubaaqudgha
Makhleb
Nemelex Xobeh
Okawaru
Qazlal
Ru
Sif Muna
Uskayaw
Vehumet
Wu Jian
Xom
Yredelemnul
Zin

Annotations:
D:13 Kirke


Innate Abilities, Weirdness & Mutations

((You reflexively headbutt those who attack you in melee.))
((You have a pair of horns on your head.))


Message History

The harpy screeches!
The harpy claws you!
* * * LOW HITPOINT WARNING * * *
The harpy closely misses you.
The harpy claws you but does no damage. x2
Kirke gestures at you while chanting.
You turn into a filthy swine.
Your +5 dire flail of holy wrath melds into your body.
Your +0 hat melds into your body.
Your +0 pair of gloves melds into your body.
Your +2 pair of boots of stealth melds into your body.
Your +0 plate armour melds into your body.
Your ring of see invisible melds into your body.
Your ring of stealth melds into your body.
Your +5 dire flail of holy wrath stops glowing.
You feel less stealthy. The hog bites you!
* * * LOW HITPOINT WARNING * * *
The entropy weaver hits you!
* * * LOW HITPOINT WARNING * * *
The entropy weaver hits you!
You die...

.. #.#....#######
..h..........# ...<........#
##@.[.......# .. '....h.....#
... ......h).# ######
#..####'#####a##########....###
#.......a...hhh..........^.....
#..........h5@h................
#....(....#.H..................
................H....).......##
.......................(.....##
...............................
###############################


You could see Kirke, an entropy weaver, 2 harpies, 5 hogs, a worker ant and a
crimson imp.

Vanquished Creatures
  Gastronok (D:10)
  Nessos (D:13)
  Fannar (D:10)
  A hydra (D:12)
  4 two-headed ogres
  The ghost of Supaplex the Ruffian, a novice TrBe of Trog (D:8)
  A deep elf mage (D:12)
  An ugly thing (D:11)
  2 manticores (D:11)
  A cyclops (D:12)
  A manticore (shapeshifter) (D:13)
  2 kobold demonologists
  A troll (D:9)
  A meliai (shapeshifter) (D:13)
  A queen bee (D:8)
  A hornet (D:10)
  3 hippogriffs
  Sigmund (D:4)
  A wyvern (D:13)
  11 yaks
  The ghost of abdbla the Skirmisher, an amateur HOFi of Nemelex Xobeh (D:4)
  A tarantella (shapeshifter) (D:12)
  2 wraiths
  A basilisk (D:12)
  Eustachio (D:4)
  4 hungry ghosts
  4 vampire mosquitoes
  The ghost of Csanatus the Conjurer, an amateur DECj (D:3)
  6 ice beasts
  3 sky beasts
  A hornet zombie (D:10)
  2 black bears
  7 orc warriors
  A necrophage (D:7)
  8 ogres
  3 phantoms
  6 centaurs
  An eye of draining (D:11)
  7 big kobolds
  4 bullfrogs
  A water moccasin zombie (D:9)
  A wyvern skeleton (D:10)
  5 scorpions
  An oklob sapling (D:4)
  15 killer bees (D:8)
  4 wights (D:9)
  4 howler monkeys
  5 crimson imps
  2 bullfrog zombies
  A quasit (D:9)
  A centaur zombie (D:6)
  10 orc priests
  5 centaur skeletons
  4 hounds
  6 jellies
  15 orc wizards
  4 bullfrog skeletons
  5 iguanas
  13 worker ants
  A worker ant zombie (D:9)
  8 gnolls (D:2)
  16 adders
  4 shadow imps
  2 oozes
  An adder skeleton (D:8)
  4 worms
  6 leopard geckos
  75 orcs
  6 bats
  5 giant cockroaches
  4 goblins
  5 hobgoblins
  17 jackals
  20 kobolds
  4 quokkas
  4 ball pythons
  4 frilled lizards
  A jackal skeleton (D:8)
  A jackal zombie (D:7)
  A leopard gecko zombie (D:5)
  7 rats
  3 plants
402 creatures vanquished.

Notes
Turn   | Place    | Note
-------+----------+-------------------------------------------
     0 | D:1      | Htamos the Minotaur Gladiator began the quest for the Orb.
     0 | D:1      | Reached XP level 1. HP: 18/18 MP: 0/0
   158 | D:1      | Reached skill level 3 in Fighting
   158 | D:1      | Reached XP level 2. HP: 24/26 MP: 1/1
   608 | D:2      | Reached skill level 4 in Fighting
   700 | D:2      | Reached XP level 3. HP: 25/34 MP: 2/2
   705 | D:2      | Reached skill level 1 in Armour
   714 | D:2      | Reached XP level 4. HP: 17/41 MP: 3/3
   956 | D:2      | Reached skill level 5 in Fighting
   964 | D:2      | Found a snail-covered altar of Cheibriados.
  1075 | D:2      | Found an iron altar of Okawaru.
  1154 | D:2      | Found a shadowy altar of Dithmenos.
  1459 | D:2      | Found a faded altar of an unknown god.
  1545 | D:2      | Reached skill level 6 in Fighting
  1545 | D:2      | Reached XP level 5. HP: 33/50 MP: 4/4
  1921 | D:3      | Noticed Csanatus's ghost (amateur DECj)
  1944 | D:3      | Killed Csanatus's ghost
  1944 | D:3      | Reached XP level 6. HP: 28/58 MP: 5/5
  2415 | D:3      | Found a basalt altar of Yredelemnul.
  2471 | D:3      | Reached skill level 7 in Fighting
  2471 | D:3      | Reached skill level 5 in Armour
  3060 | D:4      | Found a radiant altar of Vehumet.
  3083 | D:4      | Noticed Eustachio
  3141 | D:4      | Killed Eustachio
  3141 | D:4      | Reached XP level 7. HP: 46/66 MP: 6/6
  3195 | D:4      | Found a shimmering altar of Xom.
  3557 | D:4      | Reached skill level 8 in Fighting
  3573 | D:4      | Noticed abdbla's ghost (amateur HOFi)
  3574 | D:4      | Found a staircase to the Ecumenical Temple.
  3584 | D:4      | Killed abdbla's ghost
  3584 | D:4      | Reached XP level 8. HP: 33/75 MP: 7/7
  4343 | Temple   | Entered the Ecumenical Temple
  4472 | Temple   | Became a worshipper of Makhleb the Destroyer
  4544 | D:5      | Entered Level 5 of the Dungeon
  4544 | D:5      | Noticed Sigmund
  4569 | D:4      | Killed Sigmund
  4569 | D:4      | Reached skill level 9 in Fighting
  5024 | D:5      | Reached skill level 10 in Fighting
  5061 | D:5      | Reached * piety under Makhleb
  5087 | D:5      | Reached XP level 9. HP: 66/86 MP: 8/8
  5514 | D:6      | Reached skill level 11 in Fighting
  6412 | D:7      | Noticed a two-headed ogre
  6423 | D:7      | Killed a two-headed ogre
  6423 | D:7      | Reached skill level 12 in Fighting
  6756 | D:7      | Reached skill level 13 in Fighting
  7155 | D:7      | Reached ** piety under Makhleb
  7209 | D:7      | Reached skill level 14 in Fighting
  7255 | D:7      | Reached XP level 10. HP: 100/102 MP: 9/9
  7267 | D:7      | Found a glowing silver altar of Zin.
  7760 | D:8      | Noticed Supaplex's ghost (novice TrBe)
  8277 | D:8      | Reached skill level 1 in Maces & Flails
  8924 | D:8      | Found a stormy altar of Qazlal.
  9175 | D:8      | Reached *** piety under Makhleb
  9422 | D:8      | Killed Supaplex's ghost
  9636 | D:8      | Reached skill level 10 in Armour
  9686 | D:8      | Reached skill level 5 in Maces & Flails
  9762 | D:9      | Found a blossoming altar of Fedhas.
 10003 | D:9      | Reached XP level 11. HP: 103/111 MP: 10/10
 10011 | D:9      | Found a sacrificial altar of Ru.
 10035 | D:9      | Found a shattered altar of Ashenzari.
 10669 | D:10     | Entered Level 10 of the Dungeon
 10729 | D:10     | Found a shadowy altar of Dithmenos.
 10779 | D:10     | Reached skill level 15 in Fighting
 10839 | D:10     | Reached **** piety under Makhleb
 10890 | D:10     | Noticed Gastronok
 11183 | D:10     | Found a staircase to the Lair.
 11235 | D:10     | Found a radiant altar of Vehumet.
 11265 | D:10     | Noticed a two-headed ogre
 11436 | D:10     | Killed Gastronok
 11511 | D:10     | Found the wizard robe
 11624 | D:10     | Killed a two-headed ogre
 11624 | D:10     | Reached skill level 10 in Maces & Flails
 11829 | D:11     | Noticed Fannar
 11846 | D:10     | Killed Fannar
 12010 | D:11     | Noticed a two-headed ogre
 12020 | D:11     | Killed a two-headed ogre
 12152 | D:11     | Noticed a purple ugly thing
 12169 | D:11     | Killed a purple ugly thing
 12242 | D:11     | Reached XP level 12. HP: 121/121 MP: 11/11
 12443 | D:11     | Identified a scroll of acquirement
 13138 | D:12     | Noticed a four-headed hydra
 13152 | D:12     | Killed a four-headed hydra
 13742 | D:12     | Reached ***** piety under Makhleb
 13852 | D:12     | Found a staircase to the Orcish Mines.
 14721 | D:13     | Noticed Nessos
 14734 | D:13     | Killed Nessos
 14949 | D:13     | Found a gate to the Vaults.
 15065 | D:13     | Noticed a two-headed ogre
 15082 | D:13     | Killed a two-headed ogre
 15082 | D:13     | Reached skill level 16 in Fighting
 15121 | D:13     | Noticed Kirke
 15130 | D:13     | Noticed an entropy weaver
 15136 | D:13     | HP: 6/122 [entropy weaver (14)]
 15136 | D:13     | Mangled by an entropy weaver

Skill      XL: |  1  2  3  4  5  6  7  8  9 10 11 12 |
---------------+-------------------------------------+-----
Fighting       | 3 4 6 7 8 10 14 15 16 | 16.0
Armour         | 1 2 4 6 7 9 10 12 13 | 13.9
Maces & Flails | 7 11 12 | 12.8
Axes           | |  3.6
Throwing       | |  2.0
Dodging        | |  3.2
Evocations     | |  0.3

Action                   |  1- 3 |  4- 6 |  7- 9 | 10-12 || total
-------------------------+-------+-------+-------+-------++-------
Melee: War axe           |    60 |   180 |   242 |       ||   482
       Headbutt          |    10 |    33 |    57 |   151 ||   251
       Battleaxe         |       |       |    63 |    43 ||   106
       Dire flail        |       |       |       |   719 ||   719
Invok: Minor Destruction |       |       |       |     1 ||     1
Evoke: Wand              |       |       |     7 |       ||     7
  Use: Scroll            |       |       |       |    20 ||    20
       Potion            |       |       |       |    10 ||    10
  Eat: Chunk             |       |     5 |    15 |    15 ||    35
       Ration            |       |     1 |       |     4 ||     5
Armor: Leather armour    |    11 |       |       |       ||    11
       Plate armour      |    35 |   112 |   209 |   408 ||   764
       Ring mail         |     2 |       |       |       ||     2
Dodge: Dodged            |    37 |    57 |   124 |   322 ||   540
